 Dungeon Crawl Stone Soup version 0.26.0-10-g1f06aea511 (webtiles) character file.

Game seed: 247544979389324225

7 sanka the Firebug (level 2, -1/20 HPs)
             Began as a Ghoul Fire Elementalist on Jan 18, 2021.
             Slain by a jackal (3 damage)
             ... on level 1 of the Dungeon.
             The game lasted 00:01:53 (334 turns).

sanka the Firebug (Ghoul Fire Elementalist)          Turns: 334, Time: 00:01:53

Health: -1/20      AC:  2    Str: 11    XL:     2   Next: 4%
Magic:  1/4        EV: 12    Int: 10    God:
Gold:   17         SH:  0    Dex:  9    Spells: 4/5 levels left

rFire    . . .     SeeInvis .   (no weapon)
rCold    + . .     Faith    .   (no shield)
rNeg     + + +     Spirit   .   a - +0 robe
rPois    ∞         Reflect  .   (no helmet)
rElec    .         Harm     .   (no cloak)
rCorr    .         Rampage  .   (no gloves)
Will     .....                  (no boots)
Stlth    ++........             (no amulet)
HPRegen  0.00/turn              (no ring)
MPRegen  0.09/turn              (no ring)

@: very slightly contaminated
A: claws 1, cold resistance 1, negative energy resistance 3, inhibited
regeneration, torment resistance, unbreathing
a: no special abilities


You were on level 1 of the Dungeon.
You visited 1 branch of the dungeon, and saw 1 of its levels.

You collected 17 gold pieces.


Innate Abilities, Weirdness & Mutations

You thrive by killing the living.
You are immune to poison.
You have sharp fingernails.
Your flesh is cold resistant. (rC+)
You are immune to negative energy. (rN+++)
You do not regenerate when monsters are visible.
You are immune to unholy pain and torment.
You can survive without breathing.


   Skills:
 - Level 1.7 Dodging
 - Level 2.1 Stealth
 - Level 2.0 Spellcasting
 + Level 1.4 Conjurations
 - Level 2.4 Fire Magic


You had 4 spell levels left.
You knew the following spells:

 Your Spells              Type           Power        Failure   Level
z - Foxfire               Conj/Fire      16%          14%         1

Your spell library contained the following spells:

 Spells                   Type           Power        Failure   Level
 Conjure Flame            Conj/Fire      4%           41%         3
 Inner Flame              Hex/Fire       3%           50%         3
 Sticky Flame             Conj/Fire      4%           82%         4
 Fireball                 Conj/Fire      2%           99%         5

Inventory:

Armour
 a - a +0 robe (worn)
Scrolls
 b - a scroll of remove curse {unknown}

Dungeon Overview and Level Annotations

Branches:
Dungeon (1/15)

Altars:

▒.▒
▒.▒..........
▒..
▒▒.▒)...▒▒▒▒▒.
▒.▒.†.....▒
▒▒.▒....▒.▒
▒▒▒#▒.▒▒.....
▒.▒.▒▒▒....
▒.▒.....▒▒
▒.▒.▒▒▒▒▒▒..▒
▒.▒.hnv.....▒
▒...h.v.....▒
▒▒▒▒▒▒▒▒▒▒.▒▒


You could see 2 jackals.


Message History

The jackal bites you.
* * * LOW HITPOINT WARNING * * *
The foxfire hits the jackal but does no damage.
The jackal misses you.
Unknown command.
The foxfire hits the jackal.
The jackal is lightly wounded.
The jackal closely misses you. The jackal bites you.
* * * LOW HITPOINT WARNING * * *
Unknown command.
You conjure some foxfire!
The foxfire hits the jackal.
The jackal is moderately wounded.
The jackal closely misses you.
Unknown command.
Your foxfire dissipates!
The jackal closely misses you. The jackal bites you.
* * * LOW HITPOINT WARNING * * *
Unknown command.
You miscast Foxfire.
You are very lightly contaminated with residual magic.
Nothing appears to happen.
The jackal bites you but does no damage.
You conjure some foxfire!
The jackal bites you but does no damage.
The jackal closely misses you. The jackal bites you.
You die...

Action                   || total
-------------------------++-------
Melee: Unarmed           ||     8
 Cast: Foxfire           ||    10
Armor: Robe              ||     9
Dodge: Dodged            ||    22

Levels and vault maps discovered:
D:1:      dpeg_arrival_lava_altar, layout_loops_ring

Notes
Turn   | Place    | Note
-------+----------+-------------------------------------------
     0 | D:1      | sanka the Ghoul Fire Elementalist began the quest for the
                  | Orb.
     0 | D:1      | Reached XP level 1. HP: 14/14 MP: 2/2
    56 | D:1      | Reached skill level 2 in Spellcasting
    65 | D:1      | Reached skill level 1 in Conjurations
   245 | D:1      | Reached XP level 2. HP: 7/20 MP: 0/4
   332 | D:1      | HP: 2/20 [jackal (3)]
   334 | D:1      | Slain by a jackal

Vanquished Creatures
  A bat (D:1)
  2 goblins (D:1)
  A hobgoblin (D:1)
  A jackal (D:1)
  A kobold (D:1)
6 creatures vanquished.

Vanquished Creatures (others)
  12 foxfires (D:1)
12 creatures vanquished.

Grand Total: 18 creatures vanquished

Table legend: (Time is in decaauts)
 A = Elapsed time spent in this place.
 B = Non-inter-level travel time spent in this place.
 C = Inter-level travel time spent in this place.
 D = Time resting spent in this place.
 E = Time spent auto-exploring this place.
 F = Levels seen in this place.
 G = Mean time per level.
                   A        B        C        D        E       F      G
               +--------+--------+--------+--------+--------+-----+--------+
         Total |    334 |    334 |      0 |    150 |     38 |   1 |  334.0 |
       Dungeon |    334 |    334 |      0 |    150 |     38 |   1 |  334.0 |
               +--------+--------+--------+--------+--------+-----+--------+

Top non-repeatable levels by time:
     D:1: 334 daAuts
